 Dungeon Crawl Stone Soup version 0.32-a0-953-g508020473e (console) character file.

Game seed: 12089082744041286067

38 RBrandon the Chopper (level 3, -4/33 HPs)
             Began as a Mountain Dwarf Monk on Apr 16, 2024.
             Slain by Terence
             ... wielding a +0 flail
              (10 damage)
             ... on level 2 of the Dungeon.
             The game lasted 00:03:35 (834 turns).

RBrandon the Chopper (Mountain Dwarf Monk)           Turns: 834, Time: 00:03:36

Health: -4/33      AC:  3    Str: 13    XL:     3   Next: 25%
Magic:  3/3        EV: 11    Int: 12    God:
Gold:   15         SH:  0    Dex: 12    Spells: 2/2 levels left

rFire   . . .        a - +0 hand axe
rCold   . . .        d - orb {light}
rNeg    . . .        k - +0 leather armour
rPois   .            (no helmet)
rElec   .            (no cloak)
rCorr   .            (no gloves)
SInv    .            (no boots)
Will    .....        (no amulet)
Stlth   +            (no ring)
HPRegen 0.25/turn    (no ring)
MPRegen 0.08/turn

%: no passive effects
@: attractive, glowing
A: runic magic, artefact enchanting
a: no special abilities


You were on level 2 of the Dungeon.
You visited 1 branch of the dungeon, and saw 2 of its levels.

You collected 15 gold pieces.

Inventory:

Hand Weapons
 a - a +0 hand axe (weapon)
Armour
 b - a +0 robe
 d - an orb of light (worn)
 k - a +0 leather armour (worn)
Scrolls
 e - 2 scrolls of fear {unknown}
 f - a scroll of blinking {unknown}
 g - 2 scrolls of teleportation {unknown}
 i - a scroll of vulnerability {unknown}
 j - 2 scrolls of enchant weapon {unknown}


   Skills:
 + Level 4.0 Fighting
 + Level 4.4 Axes
 - Level 2.3 Dodging


You had 2 spell levels left.
You didn't know any spells.
Your spell library contained the following spells:

 Spells                   Type           Power      Damage    Failure   Level
 Apportation              Tloc           0%         N/A       34%         1
 Necrotise                Necr           0%         1d4       34%         1
 Sting                    Conj/Alch      0%         1d3       34%         1
 Summon Small Mammal      Summ           0%         N/A       34%         1
 Mercury Vapours          Alch/Air       0%         N/A       45%         2
 Olgreb's Toxic Radiance  Alch           0%         N/A       98%         4


Dungeon Overview and Level Annotations

Branches:
Dungeon (2/15)

Altars:

Shops:
D:2 ?

Annotations:
D:2 Terence


Innate Abilities, Weirdness & Mutations

Your spellcasting is much less encumbered by armour.
You can use scrolls of enchantment on lesser artefacts.


Message History

The rat barely misses you.
You hit the rat.
The rat is heavily wounded.
The rat barely misses you.
Terence says, "You're history."
You barely miss the rat.
The rat is heavily wounded.
The rat completely misses you.
Press: ? - help, v - describe, . - travel
Here: Terence, wielding a +0 flail and wearing a +0 scale mail (haloed)
The floor.
Unknown command.
You hit the rat.
You kill the rat!
Okay, then.
You aren't carrying any items that you can evoke.
You hit Terence.
Terence is moderately wounded.
Terence completely misses you.
You hit Terence.
Terence is heavily wounded.
Terence hits you with a +0 flail!
You barely miss Terence.
Terence is heavily wounded.
Terence barely misses you.
You hit Terence.
Terence is severely wounded.
Terence barely misses you.
You hit Terence but do no damage.
Terence is severely wounded.
Terence hits you with a +0 flail!
You barely miss Terence.
Terence is severely wounded.
Terence hits you with a +0 flail!
* * * LOW HITPOINT WARNING * * *
It was a potion of attraction.
You feel attractive to monsters. Terence hits you with a +0 flail!
You die...
Terence says, "Time to find some more victims."

... .... #.... ...
.........
###∩#........
#...#........ #@#
#......... ###@#
#....@....
##...###.........
#."####.S..S.....
##.##..†?.........
####.†##.###.........
#..>.....#....†......
#.##.#####†#.........
# #.#.....#.........
..#...)<..........
.###.....#.......#.
## #.....###.......


You could see Terence.

Vanquished Creatures
  An adder (D:2)
  2 dart slugs
  3 ball pythons
  An endoplasm (D:1)
  2 goblins
  2 hobgoblins
  4 jackals
  3 kobolds (D:1)
  2 bats (D:1)
  4 rats
24 creatures vanquished.

Notes
Turn   | Place    | Note
-------+----------+-------------------------------------------
     0 | D:1      | RBrandon the Mountain Dwarf Monk began the quest for the
                  | Orb.
     0 | D:1      | Reached XP level 1. HP: 19/19 MP: 1/1
   150 | D:1      | Found a faded altar of an unknown god.
   184 | D:1      | Reached XP level 2. HP: 26/26 MP: 2/2
   796 | D:2      | Reached XP level 3. HP: 31/33 MP: 3/3
   797 | D:2      | Noticed Terence
   804 | D:2      | Found Letha's Magic Scroll Boutique.
   819 | D:2      | Identified the amulet of Peuwiz {Faith rN+ Dex+2}
   834 | D:2      | Slain by Terence

Illustrated notes

Levels and vault maps discovered:
D:1:      lightli_arrival_statuegarden, layout_basic,
          hellmonk_ecumenical_altar_run_dry, minivault_14, chequers_mini_garden,
          minmay_misc_feat_plants
D:2:      layout_rooms, basic_altar, serial_shops, shop, uniq_terence

Skill      XL: |  1  2  3 |
---------------+----------+-----
Axes           | 4 |  4.4
Fighting       | 4 |  4.0
Dodging        | |  2.3

Action                     || total
---------------------------++-------
  Melee: Hand axe          ||    67
    Use: Potion            ||     2
 Armour: Robe              ||    13
         Leather armour    ||    28
  Dodge: Dodged            ||    36

Table legend: (Time is in decaauts)
 A = Elapsed time spent in this place.
 B = Non-inter-level travel time spent in this place.
 C = Inter-level travel time spent in this place.
 D = Time resting spent in this place.
 E = Time spent auto-exploring this place.
 F = Levels seen in this place.
 G = Mean time per level.
                   A        B        C        D        E       F      G
               +--------+--------+--------+--------+--------+-----+--------+
         Total |    841 |    791 |     50 |     70 |    536 |   2 |  420.5 |
       Dungeon |    841 |    791 |     50 |     70 |    536 |   2 |  420.5 |
               +--------+--------+--------+--------+--------+-----+--------+

Top non-repeatable levels by time:
     D:1: 749 daAuts
     D:2: 91 daAuts

Levels and vault maps discovered:
D:1:      lightli_arrival_statuegarden, layout_basic,
          hellmonk_ecumenical_altar_run_dry, minivault_14, chequers_mini_garden,
          minmay_misc_feat_plants
D:2:      layout_rooms, basic_altar, serial_shops, shop, uniq_terence

Table legend: (Time is in decaauts)
 A = Elapsed time spent in this place.
 B = Non-inter-level travel time spent in this place.
 C = Inter-level travel time spent in this place.
 D = Time resting spent in this place.
 E = Time spent auto-exploring this place.
 F = Levels seen in this place.
 G = Mean time per level.
                   A        B        C        D        E       F      G
               +--------+--------+--------+--------+--------+-----+--------+
         Total |    841 |    791 |     50 |     70 |    536 |   2 |  420.5 |
       Dungeon |    841 |    791 |     50 |     70 |    536 |   2 |  420.5 |
               +--------+--------+--------+--------+--------+-----+--------+

Top non-repeatable levels by time:
     D:1: 749 daAuts
     D:2: 91 daAuts

Table legend:
 A = Kills in this place as a percentage of kills in the entire game.
 B = Kills by you in this place as a percentage of kills by you in the entire game.
 C = Kills by friends in this place as a percentage of kills by friends in the entire game.
 D = Other kills in this place as a percentage of other kills in the entire game.
 E = Experience gained in this place as a percentage of experience gained in the entire game.
 F = Experience gained in this place divided by the number of levels of this place that you have seen.
                   A       B       C       D       E      F
               +-------+-------+-------+-------+-------+----------------------
         Total | 100.0 | 100.0 |   N/A |   N/A | 100.0 |  27.5
       Dungeon | 100.0 | 100.0 |   N/A |   N/A | 100.0 |  27.5
               +-------+-------+-------+-------+-------+----------------------
